 Dungeon Crawl Stone Soup version 0.22-a0-348-gd16d1391c7 (webtiles) character file.

884 Edwin the Conjurer (level 8, -3/51 HPs)
             Began as a Gnoll Conjurer on Apr 9, 2018.
             Slain by an orc wizard
             ... wielding a +2 dagger of venom
              (4 damage)
             ... on level 5 of the Dungeon.
             The game lasted 00:22:30 (5241 turns).

Edwin the Conjurer (Gnoll Conjurer)                 Turns: 5241, Time: 00:22:31

Health: -3/51      AC:  3    Str: 12    XL:     8   Next: 5%
Magic:  13/16      EV: 16    Int: 19    God:
Gold:   110        SH:  5    Dex: 15    Spells: 11/18 levels left

rFire    + . .     SeeInvis .   l - +4 short sword
rCold    + . .     Gourm    .   m - +0 buckler
rNeg     . . .     Faith    .   a - +0 robe
rPois    +         Spirit   .   (no helmet)
rElec    +         Reflect  .   (no cloak)
rCorr    +         Harm     .   w - +0 pair of gloves
MR       .....                  (no boots)
Stlth    +++.......             n - amulet of inaccuracy (curse)
HPRegen  0.17/turn              d - +1 ring of evasion
MPRegen  0.15/turn              C - ring of resist corrosion

@: lethally poisoned (-3 -> -52), resistant
A: distributed training, fangs 1, frail 1, sense surroundings 1, strong nose
a: no special abilities


You were on level 5 of the Dungeon.
You were very hungry.

You visited 1 branch of the dungeon, and saw 5 of its levels.
You also visited: Sewer.

You collected 192 gold pieces.
You spent 82 gold pieces at shops.

Inventory:

Hand Weapons
 i - a +0 spear
 l - a +4 short sword (weapon)
Missiles
 h - 2 javelins (quivered)
Armour
 a - a +0 robe (worn)
 m - a +0 buckler (worn)
 w - a +0 pair of gloves (worn)
Jewellery
 d - a +1 ring of evasion (left hand)
 n - a cursed amulet of inaccuracy (around neck)
 v - an uncursed ring of protection from magic {unknown}
 C - a ring of resist corrosion (right hand)
Wands
 B - a wand of iceblast (11)
Scrolls
 b - a scroll of fog {unknown}
 e - a scroll of amnesia {unknown}
 f - 2 scrolls of enchant armour {unknown}
 g - 3 scrolls of identify {unknown}
 j - 4 scrolls of teleportation {unknown}
 k - a scroll of fear {unknown}
 o - 5 scrolls of blinking
 q - a scroll of magic mapping {unknown}
 x - a scroll of enchant weapon {unknown}
 y - 2 scrolls of remove curse {unknown}
Potions
 p - 2 potions of heal wounds
 t - a potion of resistance
 u - a potion of haste {unknown}
 z - a potion of berserk rage {unknown}
 A - a potion of might {unknown}
 D - a potion of flight {unknown}
Comestibles
 c - 10 rations


   Skills:
 + Level 2.8 Fighting
 + Level 2.8 Short Blades
 + Level 2.8 Long Blades
 + Level 2.8 Axes
 + Level 2.8 Maces & Flails
 + Level 2.8 Polearms
 + Level 2.8 Staves
 + Level 2.8 Slings
 + Level 2.8 Bows
 + Level 2.8 Crossbows
 + Level 2.8 Throwing
 + Level 2.8 Armour
 + Level 5.4 Dodging
 + Level 5.1 Stealth
 + Level 2.8 Shields
 + Level 2.8 Unarmed Combat
 + Level 5.8 Spellcasting
 + Level 7.5 Conjurations
 + Level 2.3 Hexes
 + Level 2.3 Charms
 + Level 2.3 Summonings
 + Level 2.3 Necromancy
 + Level 2.3 Translocations
 + Level 2.3 Transmutations
 + Level 2.3 Fire Magic
 + Level 2.3 Ice Magic
 + Level 2.3 Air Magic
 + Level 2.3 Earth Magic
 + Level 2.3 Poison Magic
 + Level 3.1 Invocations
 + Level 2.8 Evocations


You had 11 spell levels left.
You knew the following spells:

 Your Spells              Type           Power        Failure   Level  Hunger
a - Magic Dart            Conj           ####         1%          1    None
b - Searing Ray           Conj           ####..       1%          2    None
c - Iskenderun's Mystic   Conj           ####....     6%          4    ####...


Dungeon Overview and Level Annotations

Branches:
Dungeon (5/15)
 Temple: D:4-7

Altars:
Makhleb
Uskayaw

Shops:
D:4 ?

Annotations:
D:3 Grinder


Innate Abilities, Weirdness & Mutations

Your experience applies equally to all skills.
You have very sharp teeth.
Your uncanny sense of smell can sniff out nearby items.
You are frail. (-10% HP)
You passively map a small area around you.


Message History

You are more poisoned.
Unknown command.
The searing ray hits the orc priest.
You kill the orc priest!
* * * LOW HITPOINT WARNING * * *
You feel very sick. Something hits you.
* * * LOW HITPOINT WARNING * * *
You are more poisoned.
* * * LOW HITPOINT WARNING * * *
You feel very sick. Something hits you but does no damage.
You are more poisoned.
Unknown command.
It was a potion of resistance.
You feel protected.
* * * LOW HITPOINT WARNING * * *
You feel very sick. Something hits you.
You die...

## #..##
.#####
#.##
.....# #.#
.###.# #.#
...#.# #.#
##.#.# #.#
#.#.#
#.########
##.#.#
#......).#
.#.#.#
########@#
...#.# #{#
..##.# #)#
.....# #)#
).#### #.#
..# #.#
..# #.#
..# #.#
..######


There were no monsters in sight!

Vanquished Creatures
  Sigmund (D:3)
  A sky beast (D:5)
  A necrophage (D:5)
  A centaur (D:5)
  A howler monkey (D:2)
  An orc priest (D:5)
  Ijyb (D:4)
  2 bullfrog skeletons
  Jessica (D:3)
  An iguana (D:4)
  An orc wizard (D:5)
  3 worker ants
  3 gnolls (D:5)
  3 adders
  A worm (D:3)
  11 dart slugs
  3 leopard geckos
  8 orcs
  2 ball pythons (Sewer)
  6 bats
  3 giant cockroaches
  3 goblins
  5 hobgoblins
  13 jackals
  14 kobolds
  2 quokkas (D:2)
  4 frilled lizards
  9 rats
  3 plants (Sewer)
108 creatures vanquished.

Notes
Turn   | Place    | Note
-------+----------+-------------------------------------------
     0 | D:1      | Edwin the Gnoll Conjurer began the quest for the Orb.
     0 | D:1      | Reached XP level 1. HP: 13/13 MP: 6/6
   165 | D:1      | Reached XP level 2. HP: 19/19 MP: 4/7
   780 | D:2      | Noticed a hand axe
   792 | D:2      | Reached XP level 3. HP: 25/25 MP: 3/9
   872 | D:2      | Noticed a hand axe
   873 | D:2      | Found a hide-covered altar of Uskayaw.
   986 | D:2      | Reached skill level 5 in Spellcasting
  1056 | D:2      | Reached skill level 1 in Fighting
  1056 | D:2      | Reached skill level 1 in Short Blades
  1056 | D:2      | Reached skill level 1 in Long Blades
  1056 | D:2      | Reached skill level 1 in Axes
  1056 | D:2      | Reached skill level 1 in Maces & Flails
  1056 | D:2      | Reached skill level 1 in Polearms
  1056 | D:2      | Reached skill level 1 in Staves
  1056 | D:2      | Reached skill level 1 in Slings
  1056 | D:2      | Reached skill level 1 in Bows
  1056 | D:2      | Reached skill level 1 in Crossbows
  1056 | D:2      | Reached skill level 1 in Throwing
  1056 | D:2      | Reached skill level 1 in Armour
  1056 | D:2      | Reached skill level 1 in Shields
  1056 | D:2      | Reached skill level 1 in Unarmed Combat
  1056 | D:2      | Reached skill level 1 in Invocations
  1056 | D:2      | Reached skill level 1 in Evocations
  1056 | D:2      | Reached XP level 4. HP: 32/32 MP: 2/11
  1461 | D:3      | Learned a level 2 spell: Searing Ray
  1492 | D:3      | Noticed Grinder
  1556 | D:3      | Reached skill level 1 in Hexes
  1556 | D:3      | Reached skill level 1 in Charms
  1556 | D:3      | Reached skill level 1 in Summonings
  1556 | D:3      | Reached skill level 1 in Necromancy
  1556 | D:3      | Reached skill level 1 in Translocations
  1556 | D:3      | Reached skill level 1 in Transmutations
  1556 | D:3      | Reached skill level 1 in Fire Magic
  1556 | D:3      | Reached skill level 1 in Ice Magic
  1556 | D:3      | Reached skill level 1 in Air Magic
  1556 | D:3      | Reached skill level 1 in Earth Magic
  1556 | D:3      | Reached skill level 1 in Poison Magic
  1669 | D:3      | Found a glowing drain.
  1673 | Sewer    | Entered a sewer
  1687 | Sewer    | Reached XP level 5. HP: 37/37 MP: 9/12
  2606 | D:3      | Found a burning altar of Makhleb.
  2637 | D:3      | Noticed Sigmund
  2685 | D:3      | Killed Sigmund
  2685 | D:3      | Reached skill level 5 in Dodging
  2685 | D:3      | Reached XP level 6. HP: 33/44 MP: 5/14
  2905 | D:3      | Learned a level 4 spell: Iskenderun's Mystic Blast
  3146 | D:3      | Noticed Jessica
  3148 | D:3      | Killed Jessica
  3456 | D:4      | Noticed Ijyb
  3565 | D:4      | Killed Ijyb
  3866 | D:4      | Reached XP level 7. HP: 45/50 MP: 6/15
  4201 | D:4      | Found Elez Nejie's Magic Scroll Shop.
  4204 | D:4      | Bought a scroll of blinking for 82 gold pieces
  4288 | D:5      | Entered Level 5 of the Dungeon
  4657 | D:5      | Noticed a vampire
  4728 | D:5      | Gained mutation: You are frail. (-10% HP) [potion of mutation]
  4728 | D:5      | Gained mutation: You passively map a small area around you. [potion of mutation]
  4850 | D:5      | Reached skill level 5 in Stealth
  5218 | D:5      | Reached XP level 8. HP: 46/51 MP: 7/16
  5241 | D:5      | HP: 1/51 [poisoned by an orc wizard]
  5241 | D:5      | Slain by an orc wizard

Vault maps used:
D:1:      tarquinn_simple_flora_water_c
D:2:      dancing_weapons_uskayaw, minmay_misc_feat_room
D:3:      overflow_temple_1_default, gup_sewer_entry_bowl, uniq_sigmund,
          uniq_grinder, uniq_jessica
D:4:      kennysheep_slugbush, serial_shops, kennysheep_mini_moat, uniq_ijyb
D:5:      first_ration, palyth_stone_intersect
Sewer:    sewer_co_scattered_pipes

Skill      XL: |  1  2  3  4  5  6  7 |
---------------+----------------------+-----
Spellcasting   | 5 |  5.8
Fighting       | 1 2 |  2.8
Short Blades   | 1 2 |  2.8
Long Blades    | 1 2 |  2.8
Axes           | 1 2 |  2.8
Maces & Flails | 1 2 |  2.8
Polearms       | 1 2 |  2.8
Staves         | 1 2 |  2.8
Slings         | 1 2 |  2.8
Bows           | 1 2 |  2.8
Crossbows      | 1 2 |  2.8
Throwing       | 1 2 |  2.8
Armour         | 1 2 |  2.8
Shields        | 1 2 |  2.8
Unarmed Combat | 1 2 |  2.8
Invocations    | 1 2 3 |  3.1
Evocations     | 1 2 |  2.8
Hexes          | 1 2 |  2.3
Charms         | 1 2 |  2.3
Summonings     | 1 2 |  2.3
Necromancy     | 1 2 |  2.3
Translocations | 1 2 |  2.3
Transmutations | 1 2 |  2.3
Fire Magic     | 1 2 |  2.3
Ice Magic      | 1 2 |  2.3
Air Magic      | 1 2 |  2.3
Earth Magic    | 1 2 |  2.3
Poison Magic   | 1 2 |  2.3
Dodging        | 5 |  5.4
Stealth        | 5 |  5.1
Conjurations   | |  7.5

Action                   |  1- 3 |  4- 6 |  7- 9 || total
-------------------------+-------+-------+-------++-------
Melee: Short sword       |       |   175 |    17 ||   192
       Bite              |       |    25 |     3 ||    28
 Cast: Magic Dart        |    44 |    95 |    12 ||   151
       Searing Ray       |       |    17 |    16 ||    33
       Iskenderun's Myst |       |     1 |     6 ||     7
  Use: Potion            |       |       |     9 ||     9
 Stab: Sleeping          |       |       |     1 ||     1
  Eat: Chunk             |       |     9 |     5 ||    14
Armor: Robe              |       |     3 |     6 ||     9
Dodge: Dodged            |     4 |    30 |    29 ||    63
Block: Buckler           |       |     9 |    11 ||    20

Table legend:
 A = Spawn XP
 B = Non-spawn XP
 C = Spawn XP percentage of total XP
 D = Spawn monster count
 E = Non-spawn monster count
 F = Spawn count percentage of total count
 G = Total turns spent on level
                    A         B        C        D         E        F      G
               +---------+---------+-------+---------+---------+-------+---------
         Total |       0 |    1264 |   0.0 |       0 |     105 |   0.0 |  5241
               +---------+---------+-------+---------+---------+-------+---------
           D:1 |       0 |      28 |   0.0 |       0 |      17 |   0.0 |   780
           D:2 |       0 |      82 |   0.0 |       0 |      17 |   0.0 |   636
           D:3 |       0 |     340 |   0.0 |       0 |      21 |   0.0 |  1310
           D:4 |       0 |     189 |   0.0 |       0 |      15 |   0.0 |   744
           D:5 |       0 |     574 |   0.0 |       0 |      19 |   0.0 |   882
         Sewer |       0 |      51 |   0.0 |       0 |      16 |   0.0 |   889
               +---------+---------+-------+---------+---------+-------+---------
